 Dungeon Crawl Stone Soup version 0.27.1-33-g824d729ab1 (webtiles) character file.

Game seed: 13934498853993549851

186 H0rd4k the Charlatan (level 5, -2/37 HPs)
             Began as a Human Artificer on Dec 14, 2021.
             Was an Initiate of Gozag.
             Killed from afar by an orc wizard (9 damage)
             ... with a puff of flame
             ... on level 4 of the Dungeon.
             The game lasted 00:03:17 (2956 turns).

H0rd4k the Charlatan (Human Artificer)              Turns: 2956, Time: 00:03:18

Health: -2/37      AC: 10    Str: 13    XL:     5   Next: 97%
Magic:  5/5        EV: 11    Int: 12    God:    Gozag
Gold:   135        SH:  0    Dex: 13    Spells: 4/4 levels left

rFire    . . .     SeeInvis .   n - +1 short sword (drain)
rCold    . . .     Faith    .   (no shield)
rNeg     . . .     Spirit   .   h - +0 swamp dragon scales
rPois    +         Reflect  .   (no helmet)
rElec    .         Harm     .   (no cloak)
rCorr    .         Rampage  .   (no gloves)
Will     .....                  l - +2 pair of boots {Stlth+}
Stlth    ++........             (no amulet)
HPRegen  0.12/turn              (no ring)
MPRegen  0.09/turn              (no ring)

@: gold aura
A: no striking features
a: Renounce Religion, Potion Petition, Call Merchant, Bribe Branch


You were on level 4 of the Dungeon.
You worshipped Gozag.
Gozag was aware of your devotion.
You visited 2 branches of the dungeon, and saw 5 of its levels.

You collected 211 gold pieces.
You paid 76 gold pieces to Gozag.

Inventory:

Hand Weapons
 a - a +0 club
 f - a +0 short sword of holy wrath
 k - a +2 short sword of protection
 n - a +1 short sword of draining (weapon)
 t - a +0 vampiric triple sword
Armour
 b - a +0 leather armour
 h - +0 swamp dragon scales (worn)
 l - a +2 pair of boots of stealth (worn)
Wands
 c - a wand of flame (14) (quivered)
 d - a wand of charming (15)
 p - a wand of iceblast (6)
 q - a wand of polymorph (9)
Scrolls
 m - a scroll of enchant weapon {unknown}
 o - a scroll of amnesia {unknown}
Potions
 g - a potion of ambrosia {unknown}
 i - 2 potions of curing {unknown}
 j - 3 potions of lignification {unknown}
 r - a potion of attraction {unknown}
 s - a potion of haste {unknown}
Miscellaneous
 e - a piece from Xom's chessboard (15/15)


   Skills:
 + Level 1.6 Fighting
 + Level 2.9 Short Blades
 - Level 2.0 Armour
 + Level 2.9 Dodging
 - Level 1.0 Stealth
 + Level 4.1 Evocations


You had 4 spell levels left.
You didn't know any spells.
Your spell library was empty.

Dungeon Overview and Level Annotations

Branches:
Dungeon (4/15)             Temple (1/1) D:4

Altars:
Elyvilon
Gozag
Hepliaklqana
Kikubaaqudgha
Nemelex Xobeh
Ru
Vehumet
Zin
The Shining One
Lugonu

Annotations:
D:2 1 runed translucent door, exclusion: door, Crazy Yiuf


Message History

The adder barely misses you. The adder bites you but does no damage.
You miss the adder.
The adder is heavily wounded.
The adder barely misses you.
You hit the adder. You drain the adder.
The adder is almost dead.
The adder bites you but does no damage.
You hit the adder. You drain the adder.
You kill the adder!
The ball python is distracted by your dazzling golden aura.
You completely miss the quokka.
The ball python hisses angrily.
The ball python is no longer distracted by gold.
The quokka bites you. x2
You closely miss the quokka. The quokka bites you.
You hit the quokka. You drain the quokka.
You kill the quokka!
You closely miss the ball python. The ball python closely misses you.
The ball python grabs you. The ball python constricts you.
You closely miss the ball python.
The ball python bites you but does no damage.
The ball python constricts you.
The ball python bites you but does no damage.
The ball python constricts you.
You hit the ball python.
You kill the ball python!
You puncture the orc!
You kill the orc!
You hear some strange, mumbled words.
A puff of flame appears from out of thin air!
The puff of flame hits you!
* * * LOW HITPOINT WARNING * * *
You closely miss the orc. You miss something. You miss something.
You hear some strange, mumbled words.
A puff of flame appears from out of thin air!
The puff of flame hits you!
You die...
Your body crumbles into a pile of gold.

#.#.##..........#..#
#.# #.
#.#.##...###..#.# #
#.# #. #.#.##...#
##.#.# #.# #. #.#
#...# #...# ... ##
#.# ##### ##..# ...
#..# ... #.o# ##{#
#@# ....### ###
##...... ....... $
#......
#.#####+##......
#.#.............
#.#.............
#.#.............
#.#.)...##......


You could see an orc.

Vanquished Creatures
  A hound (D:4)
  A centaur skeleton (D:4)
  An iguana (D:4)
  A hound skeleton (D:4)
  3 adders
  2 dart slugs
  4 orcs
  5 endoplasms
  2 giant cockroaches (D:2)
  7 hobgoblins
  4 jackals (D:2)
  3 quokkas
  5 ball pythons
  2 bats
  4 frilled lizards
  8 goblins
  2 kobolds
  2 rats
57 creatures vanquished.

Notes
Turn   | Place    | Note
-------+----------+-------------------------------------------
     0 | D:1      | H0rd4k the Human Artificer began the quest for the Orb.
     0 | D:1      | Reached XP level 1. HP: 15/15 MP: 1/1
     2 | D:1      | Noticed a formicid
     2 | D:1      | Noticed a demigod
     4 | D:1      | Noticed a troll
     4 | D:1      | Noticed a barachi
     6 | D:1      | Noticed a human
     6 | D:1      | Noticed a naga
     8 | D:1      | Noticed a felid
     8 | D:1      | Noticed a minotaur
    10 | D:1      | Noticed a ghoul
    10 | D:1      | Noticed a gargoyle
    12 | D:1      | Noticed a djinni
    14 | D:1      | Noticed a demonspawn
    14 | D:1      | Noticed an ogre
    16 | D:1      | Noticed a draconian
    16 | D:1      | Noticed a tengu
    18 | D:1      | Noticed a vine stalker
    20 | D:1      | Noticed a merfolk
    20 | D:1      | Noticed an octopode
    22 | D:1      | Noticed an elf
    22 | D:1      | Noticed a spriggan
    24 | D:1      | Noticed a palentonga
    24 | D:1      | Noticed a dwarf
    26 | D:1      | Noticed a vampire
   352 | D:1      | Reached XP level 2. HP: 21/21 MP: 2/2
  1166 | D:2      | Reached XP level 3. HP: 17/26 MP: 3/3
  1346 | D:2      | Reached skill level 4 in Evocations
  1389 | D:2      | Found a runed translucent door.
  1390 | D:2      | Noticed Crazy Yiuf
  1840 | D:3      | Reached skill level 1 in Short Blades
  1840 | D:3      | Reached XP level 4. HP: 32/32 MP: 4/4
  2639 | D:4      | Found a glowing golden altar of the Shining One.
  2655 | D:4      | Reached XP level 5. HP: 34/37 MP: 5/5
  2833 | D:4      | Found a staircase to the Ecumenical Temple.
  2853 | Temple   | Entered the Ecumenical Temple
  2896 | Temple   | Became a worshipper of Gozag Ym Sagoz the Greedy
  2956 | D:4      | Killed from afar by an orc wizard

Illustrated notes

Levels and vault maps discovered:
D:1:      kb_arrival_jail, layout_rooms
D:2:      layout_basic, uniq_crazy_yiuf_cottage
D:3:      cheibrodos_old_hovel, layout_loops_ring, guppyfry_early_lair_pool
D:4:      layout_basic, general_overflow_altar, minmay_temple_entry_trees,
          minmay_lizard_king
Temple:   corrupted_temple

Skill      XL: |  1  2  3  4  5 |
---------------+----------------+-----
Evocations     | 4 |  4.1
Short Blades   | 1 2 |  2.9
Dodging        | 2 |  2.9
Fighting       | |  1.6
Armour         | |  2.0
Stealth        | |  1.0

Action                   |  1- 3 |  4- 6 || total
-------------------------+-------+-------++-------
Melee: Short sword       |    96 |   106 ||   202
       Club              |     6 |       ||     6
Evoke: Wand              |     1 |       ||     1
 Stab: Sleeping          |       |     2 ||     2
       Distracted        |       |     1 ||     1
Armor: Leather armour    |     7 |       ||     7
       Swamp dragon scal |    45 |    65 ||   110
Dodge: Dodged            |    60 |    67 ||   127
